 Dungeon Crawl Stone Soup version 0.30.1-11-g7821555f0a (webtiles) character file.

Game seed: 13981191847172716786

7 RancidPinata the Sneak (level 2, -10/21 HPs)
             Began as an Octopode Delver on Jan 13, 2024.
             Mangled by a gnoll
             ... wielding a +0 flail
             ... led by a gnoll bouda
              (11 damage)
             ... on level 6 of the Dungeon.
             The game lasted 00:00:38 (137 turns).

RancidPinata the Sneak (Octopode Delver)             Turns: 137, Time: 00:00:38

Health: -10/21     AC:  1    Str: 11    XL:     2   Next: 4%
Magic:  2/2        EV: 13    Int: 12    God:
Gold:   12         SH:  0    Dex: 13    Spells: 1/1 levels left

rFire   . . .        a - +0 short sword
rCold   . . .        (no shield)
rNeg    . . .        (helmet restricted)
rPois   .            (no amulet)
rElec   .            (no ring)
rCorr   .            (no ring)
SInv    .            (no ring)
Will    .....        (no ring)
Stlth   ++++         (no ring)
HPRegen 0.23/turn    (no ring)
MPRegen 0.08/turn    (no ring)
                     (no ring)

%: no passive effects
@: weakened
A: almost no armour, amphibious, 8 rings, camouflage 1, gelatinous body 1,
(nimble swimmer 1), tentacles
a: no special abilities


You were on level 6 of the Dungeon.
You visited 1 branch of the dungeon, and saw 2 of its levels.

You collected 12 gold pieces.

Inventory:

Hand Weapons
 a - a +0 short sword (weapon)
Missiles
 g - 3 stones (quivered)
Wands
 f - a wand of digging (3)
Scrolls
 b - a scroll of fog
 c - a scroll of magic mapping
 d - a scroll of fear
Potions
 e - a potion of haste


   Skills:
 * Level 3.1 Fighting
 + Level 2.1 Short Blades
 * Level 2.2 Dodging
 + Level 6.7 Stealth


You had one spell level left.
You didn't know any spells.
Your spell library was empty.

Dungeon Overview and Level Annotations

Branches:
Dungeon (6/15)
 Temple: D:4-7

Altars:


Innate Abilities, Weirdness & Mutations

You cannot wear most types of armour.
You are amphibious.
You can wear up to eight rings at the same time.
Your skin changes colour to match your surroundings (Stealth+).
Your rubbery body absorbs attacks. (AC +1, EV +1)
((You are camouflaged when in or above water. (Stealth+)))
You have tentacles for arms and can constrict up to eight enemies at once.


Message History

You hit the shadow imp but do no damage.
Your grab misses the shadow imp. You closely miss the shadow imp.
Your grab misses the shadow imp. You squeeze the shadow imp!
The shadow imp is almost dead.
The shadow imp hits you.
You hit the shadow imp.
You kill the shadow imp!
You have reached level 2!
You start resting.
HP restored.
You now have 12 gold pieces.
g - 3 stones 2 gnolls come into view.
A gnoll comes into view. It is wielding a +0 club.
An orc warrior comes into view. It is wielding a +0 halberd.
The gnoll shouts!
You hear a shout! x4; The orc warrior shouts!
A gnoll bouda comes into view. It is wielding a +0 club.
You closely miss the gnoll. Your grab misses the gnoll.
You squeeze the gnoll, but do no damage.
The gnoll hits you with a +0 flail.
You hit the gnoll but do no damage. You grab the gnoll.
You constrict the gnoll, but do no damage.
The gnoll hits you with a +0 flail.
You hit the gnoll.
The gnoll is moderately wounded.
You constrict the gnoll, but do no damage.
The gnoll misses you.
The gnoll bouda gazes fiercely through you!
You feel your attacks grow feeble.
You hit the gnoll.
The gnoll is moderately wounded.
You constrict the gnoll. The gnoll hits you with a +0 flail!
* * * LOW HITPOINT WARNING * * *
You hit the gnoll but do no damage.
You squeeze the gnoll, but do no damage.
The gnoll is heavily wounded.
You constrict the gnoll. The gnoll hits you with a +0 flail!
Ouch! That really hurt!
You die...

.ggo..g..#...g...#............#
..g#####.#.#####.#.###.##.###.#
#...# #.#.#........#.# #####
#g#......#.#.#.#
#.###.####.#.#.# #.# #.#
#.#...# #.# #.# #.##### #g# #.#
#.# #@# #<# #.# #.########.#
#..........# #.########## ###


You could see a gnoll bouda and a gnoll.

Vanquished Creatures
  A shadow imp (D:6)
1 creature vanquished.

Notes
Turn   | Place    | Note
-------+----------+-------------------------------------------
     0 | D:5      | RancidPinata the Octopode Delver began the quest for the
                  | Orb.
     0 | D:5      | Reached XP level 1. HP: 16/16 MP: 1/1
    16 | D:6      | Reached XP level 2. HP: 18/21 MP: 2/2
   112 | D:6      | Noticed an orc warrior
   136 | D:6      | HP: 1/21 [gnoll/+0 flail[a gnoll bouda] (9)]
   137 | D:6      | Mangled by a gnoll

Illustrated notes

Levels and vault maps discovered:
D:5:      layout_cave_pools, trog_wizard, zin_purify, corexii_checkpoint_a
D:6:      lemuel_ice_spiral_2, layout_basic, serial_demonic, serial_demonic_c,
          serial_demonic_b, serial_demonic_b, serial_demonic_b,
          grunt_ministairs_11, uniq_menkaure, uniq_grinder

Action                     || total
---------------------------++-------
  Melee: Short sword       ||     8
         Tentacles         ||     3
         Constrict         ||     1
  Dodge: Dodged            ||     2
